 Dungeon Crawl Stone Soup version 0.23.0-41-g86b089e62c (webtiles) character file.

Game seed: 5244230181934241140

2830 LLavrengius the Fighter (level 9, -2/66 HPs)
             Began as an Octopode Transmuter on Feb 28, 2019.
             Was an Initiate of Gozag.
             Slain by an orc warrior
             ... wielding a +0 hand axe
              (19 damage)
             ... on level 7 of the Dungeon.
             The game lasted 00:33:14 (8510 turns).

LLavrengius the Fighter (Octopode Transmuter)       Turns: 8510, Time: 00:33:14

Health: -2/66      AC:  2    Str:  7    XL:     9   Next: 73%
Magic:  15/16      EV: 23    Int: 19    God:    Gozag
Gold:   112        SH:  0    Dex: 17    Spells: 6/17 levels left

rFire    . . .     SeeInvis .     - Unarmed
rCold    . . .     Gourm    .   (shield currently unavailable)
rNeg     . . .     Faith    .   (helmet currently unavailable)
rPois    x         Spirit   .   q - amulet of magic regeneration
rElec    .         Reflect  .   (no ring)
rCorr    .         Harm     .   (no ring)
MR       .....                  (no ring)
Stlth    ++........             (no ring)
HPRegen  0.21/turn              (no ring)
MPRegen  0.40/turn              (no ring)
                                (no ring)
                                (no ring)

@: spider-form (expiring), gold aura, very slightly contaminated
A: tiny, almost no armour, stealthy swim, (amphibious), 8 rings, (constrict 8),
weak 1
a: End Transformation, Potion Petition, Call Merchant, Bribe Branch, Renounce
Religion


You were on level 7 of the Dungeon.
You worshipped Gozag.
Gozag was aware of your devotion.
You were not hungry.
You were a venomous arachnid creature.
You visited 2 branches of the dungeon, and saw 8 of its levels.
You also visited: Sewer.

You collected 568 gold pieces.
You spent 330 gold pieces at shops.
You paid 126 gold pieces to Gozag.

Inventory:

Hand Weapons
 u - the +6 dagger "Qemuasuf" (melded) {vamp, *Drain Int+4 Stlth+}
   (You found it on level 6 of the Dungeon)

   It inflicts no extra harm, but heals its wielder when it wounds a living foe.
   It affects your intelligence (+4).
   It causes draining when unequipped.
   It makes you more stealthy.
Missiles
 a - 84 arrows
 e - a throwing net
 p - 9 tomahawks (quivered)
 s - 4 silver javelins
Jewellery
 q - an amulet of magic regeneration (around neck)
 t - an uncursed ring of fire
Scrolls
 d - 3 scrolls of immolation
 g - 2 scrolls of enchant armour
 i - a scroll of blinking
 m - 3 scrolls of teleportation {unknown}
 r - 2 scrolls of amnesia {unknown}
 v - a scroll of magic mapping
Potions
 f - 4 potions of haste
 h - 2 potions of heal wounds
 j - 3 potions of flight
 k - a potion of cancellation {unknown}
 l - 2 potions of magic
 n - 5 potions of curing
 o - a potion of might
 w - a potion of lignification {unknown}
Comestibles
 c - 8 rations


   Skills:
 + Level 8.2 Fighting
 + Level 1.9 Short Blades
 + Level 5.2 Dodging
 - Level 3.0 Unarmed Combat
 + Level 4.8 Spellcasting
 - Level 6.0 Transmutations
 - Level 4.2 Ice Magic


You had 6 spell levels left.
You knew the following spells:

 Your Spells              Type           Power        Failure   Level  Hunger
a - Beastly Appendage     Tmut           ####..       5%          1    None
b - Sticks to Snakes      Tmut           ####....     7%          2    #......
c - Spider Form           Tmut/Pois      ###.......   26%         3    ##.....
d - Ice Form              Ice/Tmut       ###.....     34%         4    ####...
e - Magic Dart            Conj           #...         30%         1    None

Your spell library contained the following spells:

 Spells                   Type           Power        Failure   Level  Hunger
 Searing Ray              Conj           #.....       38%         2    #......
 Blade Hands              Tmut           ####......   52%         5    ######.
 Dazzling Spray           Conj/Hex       #.....       58%         3    ##.....
 Force Lance              Conj/Tloc      #.......     90%         4    ####...
 Fulminant Prism          Conj/Hex       #.........   90%         4    ####...
 Iskenderun's Mystic Bla  Conj           #.......     90%         4    ####...


Dungeon Overview and Level Annotations

Branches:
Dungeon (7/15)             Temple (1/1) D:4

Altars:
Ashenzari
Dithmenos
Elyvilon
Fedhas
Gozag
Hepliaklqana
Kikubaaqudgha
Makhleb
Nemelex Xobeh
Okawaru
Qazlal
Ru
Sif Muna
Vehumet
Wu Jian
Xom
Yredelemnul
Zin
The Shining One
Lugonu

Shops:
D:6 ?   D:7 ([

Annotations:
D:5 2 transporters, Esekla's ghost, novice DrSk
D:6 4 runed translucent doors


Innate Abilities, Weirdness & Mutations

You cannot wear most types of armour.
You are very stealthy in the water. (Stealth+)
((You are amphibious.))
You can wear up to eight rings at the same time.
((You can use your tentacles to constrict eight enemies at once.))
((Your skin changes colour to match your surroundings (Stealth+).))
((Your rubbery body absorbs attacks. (AC +1, EV +1)))
((You are partially covered in iridescent scales. (AC +2)))
You are weak. (Str -2)


Message History

You hit the orc priest.
The orc priest is heavily wounded.
The orc priest completely misses you. The orc completely misses you.
The orc warrior hits you with a +0 hand axe!!
* * * LOW HITPOINT WARNING * * *
You hit the orc priest.
The orc priest is almost dead.
Your transformation is almost over.
The orc priest mumbles some strange prayers to Beogh against you.
You struggle to resist.
The orc misses you.
The orc warrior hits you with a +0 hand axe.
* * * LOW HITPOINT WARNING * * *
You feel much better.
You kill the orc priest!
The orc completely misses you.
A howler monkey comes into view.
The howler monkey howls!
The orc warrior hits you with a +0 hand axe!!
You die...
Your body crumbles into a pile of gold.

#.########.##.##.##.....
... #.......# .#.# ...
###...### .. ###...###
.# #####......[# #
............#
...........#
####..#.$.#.# .
......$...#s##....
......##..o.h......
...... ####.##.....
..... .... .... ###
..#.# ### .#.#.# .#.. #
#.###


You could see an orc warrior and a howler monkey.

Vanquished Creatures
  An unseen horror (D:6)
  Menkaure (D:4)
  2 ice beasts
  4 sky beasts
  2 phantoms
  A hornet zombie (D:6)
  3 ogres
  A centaur (D:6)
  A big kobold (Sewer)
  A bullfrog (D:6)
  A water moccasin zombie (D:6)
  A howler monkey (D:5)
  A bullfrog zombie (D:5)
  2 crimson imps
  A jelly (D:6)
  5 hounds
  3 orc priests
  An orc wizard (D:5)
  3 iguanas
  3 worker ants
  A killer bee zombie (D:5)
  Robin (D:4)
  8 adders
  2 shadow imps
  2 adder skeletons
  2 worms (D:4)
  3 dart slugs
  2 leopard geckos
  11 orcs
  3 giant cockroaches
  2 gnoll zombies (D:3)
  13 goblins
  10 hobgoblins
  15 jackals
  9 kobolds
  A quokka (D:2)
  2 ball pythons
  10 bats
  9 frilled lizards
  2 quokka skeletons (D:5)
  11 rats
157 creatures vanquished.

Vanquished Creatures (collateral kills)
  A scorpion (D:4)
  An ooze (D:4)
  An orc (D:5)
3 creatures vanquished.

Grand Total: 160 creatures vanquished

Notes
Turn   | Place    | Note
-------+----------+-------------------------------------------
     0 | D:1      | LLavrengius the Octopode Transmuter began the quest for the
                  | Orb.
     0 | D:1      | Reached XP level 1. HP: 13/13 MP: 3/3
    37 | D:1      | Reached XP level 2. HP: 10/18 MP: 5/5
    45 | D:1      | Learned a level 2 spell: Sticks to Snakes
   398 | D:1      | Reached XP level 3. HP: 16/23 MP: 4/6
  1426 | D:2      | Learned a level 3 spell: Spider Form
  1622 | D:2      | Reached XP level 4. HP: 28/28 MP: 7/7
  1856 | D:3      | Found an ancient bone altar of Kikubaaqudgha.
  2080 | D:3      | Found a glowing golden altar of the Shining One.
  2163 | D:3      | Became a worshipper of the Shining One
  2175 | D:3      | Reached skill level 2 in Fighting
  2506 | D:3      | Reached XP level 5. HP: 33/34 MP: 8/8
  2804 | D:3      | Found a basalt altar of Yredelemnul.
  2861 | D:4      | Gained mutation: You are frail. (-10% HP) [potion of
                  | mutation]
  2861 | D:4      | Gained mutation: You are resistant to hostile enchantments.
                  | (MR+) [potion of mutation]
  2862 | D:4      | Lost mutation: You are frail. (-10% HP) [potion of
                  | mutation]
  2862 | D:4      | Lost mutation: You are resistant to hostile enchantments.
                  | (MR+) [potion of mutation]
  2862 | D:4      | Gained mutation: You expend magic power (3 MP) to
                  | strengthen your wands. [potion of mutation]
  2862 | D:4      | Lost mutation: You expend magic power (3 MP) to strengthen
                  | your wands. [potion of mutation]
  2862 | D:4      | Gained mutation: You are weak. (Str -2) [potion of
                  | mutation]
  2862 | D:4      | Gained mutation: You are partially covered in iridescent
                  | scales. (AC +2) [potion of mutation]
  2979 | D:4      | Found a glowing drain.
  2984 | Sewer    | Entered a sewer
  2984 | Sewer    | Reached * piety under the Shining One
  3199 | Sewer    | Noticed a big kobold
  3216 | Sewer    | Killed a big kobold
  3216 | Sewer    | Reached skill level 3 in Fighting
  3216 | Sewer    | Reached skill level 5 in Transmutations
  3216 | Sewer    | Reached XP level 6. HP: 35/42 MP: 9/9
  3279 | Sewer    | Found a glowing silver altar of Zin.
  3516 | D:4      | Noticed Menkaure
  3780 | D:4      | Found a stormy altar of Qazlal.
  3786 | D:5      | Entered Level 5 of the Dungeon
  4138 | D:5      | Reached skill level 4 in Fighting
  4138 | D:5      | Reached XP level 7. HP: 48/48 MP: 7/10
  4149 | D:5      | Learned a level 4 spell: Ice Form
  4211 | D:5      | Reached skill level 1 in Ice Magic
  4607 | D:5      | Reached skill level 5 in Fighting
  4616 | D:5      | Found a blossoming altar of Fedhas.
  4619 | D:5      | Found a white marble altar of Elyvilon.
  4620 | D:5      | Found a deep blue altar of Sif Muna.
  4864 | D:5      | Found a transporter.
  4864 | D:5      | Noticed Esekla's ghost (novice DrSk)
  4877 | D:5      | Found a transporter.
  4911 | D:5      | Reached XP level 8. HP: 24/57 MP: 9/11
  5376 | D:5      | Reached ** piety under the Shining One
  5415 | D:5      | Reached skill level 6 in Fighting
  5824 | D:6      | Found Ytudgh's Magic Scroll Shop.
  5836 | D:6      | Found an iron altar of Okawaru.
  6112 | D:6      | Found a sparkling altar of Nemelex Xobeh.
  6159 | D:6      | Learned a level 1 spell: Magic Dart
  6309 | D:6      | Found a large runed translucent door.
  6310 | D:6      | Found a large runed translucent door.
  6439 | D:6      | Reached skill level 7 in Fighting
  6651 | D:6      | Noticed a white ugly thing
  6667 | D:6      | Reached XP level 9. HP: 25/64 MP: 9/14
  6852 | D:6      | Found a large runed translucent door.
  6852 | D:6      | Found a large runed translucent door.
  6939 | D:6      | Noticed an unseen horror
  6960 | D:6      | Killed an unseen horror
  7140 | D:6      | Got a steaming dagger
  7143 | D:6      | Identified the +6 dagger "Qemuasuf" {vamp, *Drain Int+4
                  | Stlth+} (You found it on level 6 of the Dungeon)
  7352 | D:7      | Found Loegruets's Antique Weapon Shoppe.
  7541 | D:4      | Found a staircase to the Ecumenical Temple.
  7550 | Temple   | Entered the Ecumenical Temple
  7572 | Temple   | Fell from the grace of the Shining One
  7572 | Temple   | Became a worshipper of Gozag Ym Sagoz the Greedy
  7612 | D:4      | Killed Menkaure
  7724 | D:4      | Reached skill level 8 in Fighting
  7724 | D:4      | Reached skill level 1 in Short Blades
  7739 | D:4      | Reached skill level 5 in Dodging
  7842 | D:4      | Noticed Robin
  7992 | D:4      | Killed Robin
  8323 | D:7      | Found Gesytag's Armour Emporium.
  8324 | D:7      | Found Aphop's Food Shoppe.
  8328 | D:7      | Bought a ration for 55 gold pieces
  8328 | D:7      | Bought a ration for 55 gold pieces
  8328 | D:7      | Bought a ration for 55 gold pieces
  8328 | D:7      | Bought a ration for 55 gold pieces
  8328 | D:7      | Bought a ration for 55 gold pieces
  8328 | D:7      | Bought a ration for 55 gold pieces
  8338 | D:7      | Found the +7 great mace "Undeadhunter" {disrupt, rN+}
  8373 | D:7      | Found a shattered altar of Ashenzari.
  8376 | D:7      | Found a radiant altar of Vehumet.
  8379 | D:7      | Found an ornate altar of the Wu Jian Council.
  8506 | D:7      | HP: 2/66 [orc warrior/+0 hand axe (4)]
  8510 | D:7      | Slain by an orc warrior

Skill      XL: |  1  2  3  4  5  6  7  8  9 |
---------------+----------------------------+-----
Transmutations | 3 4 5 6 |  6.0
Fighting       | 2 3 4 5 7 8 |  8.2
Ice Magic      | 3 4 |  4.2
Dodging        | 3 5 |  5.2
Spellcasting   | 3 4 |  4.8
Short Blades   | 1 |  1.9
Unarmed Combat | |  3.0

Action                   |  1- 3 |  4- 6 |  7- 9 || total
-------------------------+-------+-------+-------++-------
Melee: Unarmed           |    42 |     4 |   153 ||   199
       Constrict         |    23 |    37 |    33 ||    93
       Tentacles         |    12 |    23 |    25 ||    60
       Dagger            |    45 |   152 |   179 ||   376
       Kick              |     1 |    18 |     6 ||    25
       Punch             |       |     1 |     1 ||     2
Throw: Throwing net      |       |       |     1 ||     1
 Cast: Beastly Appendage |     3 |    14 |     6 ||    23
       Sticks to Snakes  |       |     3 |     2 ||     5
       Spider Form       |       |     1 |    15 ||    16
  Use: Scroll            |       |    10 |     4 ||    14
       Potion            |       |     2 |     6 ||     8
 Stab: Sleeping          |     6 |       |     1 ||     7
       Distracted        |       |       |     1 ||     1
  Eat: Chunk             |     2 |     5 |     5 ||    12
       Ration            |       |     1 |     5 ||     6
Armor: Skin              |     6 |    24 |    14 ||    44
Dodge: Dodged            |    43 |    93 |   223 ||   359
